Map: Lightshade LE

Players

ElemenT

  • Race: Zerg Zerg
  • League: Diamond
  • Spawn Location: 5:00

A.I. 1 (Hard) - Winner!

  • Race: Terran Terran
  • Spawn Location: 11:00

VOD

Have the link to the VOD?

Description

Time

  • Played on: Dec. 6, 2020, 4:48 a.m.
  • Length: 4:44
Show
View Real Time Build Order
Export as new Build Order

ElemenT Zerg 

Build Orders: Hatch First 

Get SALT Encoding   

  12  0:00  Drone  
  13  0:12  Overlord  
  13  0:16  Drone  
  14  0:30  Drone  
  14  0:31  Drone  
  16  0:50  Hatchery  
  16  0:53  Drone  
  16  1:06  Spawning Pool  
  16  1:10  Drone  
  16  1:14  Drone  
  16  1:17  Drone  
  18  1:21  Drone  
  18  1:24  Extractor  
  18  1:32  Overlord  
  18  1:53  Queen  
  20  1:56  Zergling x4  
  22  2:02  Roach Warren  
  22  2:04  Drone  
  22  2:07  Drone  
  23  2:13  Drone  
  24  2:15  Queen  
  26  2:42  Roach x5  
  36  2:46  Overlord  
  34  3:10  Drone, Hatchery  
  34  3:11  Drone  
  35  3:13  Drone  
  35  3:16  Drone  
  37  3:20  Drone  
  37  3:23  Drone  
  39  3:27  Drone  
  39  3:29  Drone  
  41  3:35  Overlord  
  41  3:44  Drone  
  41  3:45  Drone  
  41  3:46  Drone  
  44  3:53  Overlord  
  44  3:54  Drone x3  
  47  3:58  Drone  
  47  3:59  Drone  
  49  4:07  Drone  
  49  4:08  Overlord  
  49  4:09  Drone x2  
  52  4:16  Drone  
  51  4:20  Drone x2  
  51  4:21  Drone x2  
Show
View Real Time Build Order
Export as new Build Order

A.I. 1 (Hard) Terran - Winner!

Build Orders: 2 Factory 

Get SALT Encoding   

  12  0:00  SCV  
  13  0:13  SCV  
  14  0:18  Supply Depot  
  14  0:25  SCV  
  15  0:40  SCV  
  15  0:42  Barracks  
  16  0:52  SCV  
  17  1:04  SCV  
  18  1:17  Command Center  
  18  1:29  Marine, Orbital Command  
  19  1:37  Supply Depot  
  19  1:44  Refinery  
  19  1:47  Marine  
  20  1:54  SCV  
  20  2:01  Barracks  
  21  2:06  SCV  
  21  2:07  Refinery  
  22  2:11  Marine  
  23  2:18  SCV  
  24  2:28  Supply Depot, Marine  
  25  2:30  SCV  
  26  2:46  SCV  
  26  2:47  Marine, Barracks Tech Lab  
  28  2:58  SCV  
  28  3:00  SCV  
  28  3:05  Marine  
  31  3:10  SCV  
  31  3:11  Refinery  
  31  3:12  Marauder  
  34  3:18  Factory  
  34  3:27  Barracks Tech Lab, Factory  
  34  3:33  Marauder  
  34  3:43  Refinery  
  34  3:45  Marine  
  33  3:54  Marine  
  29  4:03  Marine  
  29  4:12  Marine  
  29  4:13  Hellion  
  28  4:19  Factory Tech Lab, SCV  
  28  4:21  Marauder  
  28  4:22  SCV  
  28  4:23  Starport  
  30  4:31  SCV  
  29  4:34  Factory Tech Lab  
Tags
 
Add a new tag
Caveats
  • Supply blocks, unpowered buildings, or Contaminate may cause inaccurate times.
  • Supply counts are checked every 10 seconds.